Match 46013713
Unlisted

Match 46013713
End
Kradschützen Motorcycle Team
Kradschützen Motorcycle Team
Selects Panzerjäger Kommand Battlegroup
Selects Mine Fields
Panzerpioneer Squad
Construct Light Support Kompanie
Advanced Field Repairs
2.5-tonne Medical Truck
MG34 Team
Fire Support Elements
Panzerjäger Mechanized Group
Vehicle Survival Package
Selects Defensive Positions
Flakvierling Half-track
Selects Tank Busters
Flakvierling Half-track
Veteran Squad Leaders
Tungsten Core Ammunition
Panzerjäger Mechanized Group
MG34 Team
Selects Butterfly Bomb Drop
Selects Crew Shock Tactics
891064kan
robwarrior
0
0

Comments sign in to comment!

No comments posted yet!